 Dungeon Crawl Stone Soup version 0.20.1-1-g8b1a95d (webtiles) character file.

95 Energizer the Slasher (level 4, -1/35 HPs)
             Began as a Demonspawn Chaos Knight on July 23, 2017.
             Slain by ig87's ghost (8 damage)
             ... on level 3 of the Dungeon.
             The game lasted 00:03:14 (1307 turns).

Energizer the Slasher (Demonspawn Chaos Knight)     Turns: 1307, Time: 00:03:15

Health: -1/35      AC:  8    Str: 13    XL:     4   Next: 40%
Magic:  4/4        EV: 17    Int: 13    God:    Xom [.....*]
Gold:   114        SH:  0    Dex: 18    Spells: 3/3 levels left

rFire    . . .     SeeInvis .   a - +0 falchion (chaos)
rCold    . . .     Gourm    .   (no shield)
rNeg     . . .     Faith    .   b - +2 leather armour
rPois    .         Spirit   .   (no helmet)
rElec    .         Reflect  .   (no cloak)
rCorr    .         Harm     .   (no gloves)
MR       .....                  (no boots)
Stlth    ++........             (no amulet)
Regen    0.2/turn               (no ring)
MPRegen  0.1/turn               (no ring)

@: agile
A: slimy green scales 2, rot immunity
a: Renounce Religion


You were on level 3 of the Dungeon.
You worshipped Xom.
You were Xom's teddy bear.
You were hungry.

You visited 1 branch of the dungeon, and saw 3 of its levels.

You collected 114 gold pieces.

Inventory:

Hand Weapons
 a - a +0 falchion of chaos (weapon)
Missiles
 k - 82 arrows
 q - 7 tomahawks (quivered)
Armour
 b - a +2 leather armour (worn)
Jewellery
 w - an uncursed amulet of faith {unknown}
Wands
 x - a wand of confusion (26/48)
Scrolls
 g - 7 scrolls of identify {unknown}
 h - a scroll of enchant weapon {unknown}
 j - a scroll of blinking {unknown}
 l - a scroll of recharging {unknown}
 m - 3 scrolls of immolation {unknown}
 o - a scroll of amnesia {unknown}
 p - a scroll of teleportation {unknown}
 s - a scroll of enchant armour {unknown}
 t - a scroll of random uselessness {unknown}
Potions
 e - 2 potions of agility {unknown}
 n - 2 potions of heal wounds {unknown}
 r - a potion of might {unknown}
 u - a potion of curing {unknown}
Comestibles
 c - a bread ration
 d - 2 fruits
 f - 3 meat rations
 i - 2 royal jellies
 v - a chunk of flesh


   Skills:
 + Level 3.5 Fighting
 * Level 3.6 Long Blades
 + Level 2.4 Armour
 + Level 1.9 Dodging


You had 3 spell levels left.
You didn't know any spells.

Dungeon Overview and Level Annotations

Branches:
Dungeon (3/15)

Altars:

Annotations:
D:3 ig87's ghost, amateur NaTm


Innate Abilities, Weirdness & Mutations

You are mostly covered in slimy green scales. (AC +3)
You are immune to rotting.


Message History

Ig87's ghost says, "I break bones and crack skulls... with my bare hands."
Ig87's ghost hits you.
You hit ig87's ghost but do no damage. Ig87's ghost completely misses you.
You barely miss ig87's ghost. Ig87's ghost barely misses you.
You barely miss ig87's ghost.
Ig87's ghost hits you but does no damage.
You hit ig87's ghost but do no damage.
Ig87's ghost flickers and vanishes!
Deactivating autopickup; reactivate with Ctrl-A.
Something hits you.
You closely miss something. Something hits you.
You hit something. You freeze something.
You are feeling hungry.
Something hits you.
You barely miss something. Something hits you.
You hit something. You burn something.
Something hits you but does no damage. x2
You closely miss something. Something hits you!
* * * LOW HITPOINT WARNING * * *
Something hits you!
You die... "It's all fun and games until someone loses an eye."

#+ .####. ......###
........#
......#### #
.......#####
###.###.#.#.....#.#
..........@.......#
.........{...##...#
###.###..##.......#
##.###.......
#.............
#........###..
............. .
#.##.......^## #
...........


There were no monsters in sight!

Vanquished Creatures
  Jessica (D:2)
  A gnoll (D:1)
  2 oozes
  2 worms (D:2)
  A dart slug (D:1)
  A ball python (D:1)
  A ball python (shapeshifter) (D:2)
  6 bats
  2 giant cockroaches (D:2)
  5 goblins
  5 hobgoblins
  2 jackals (D:2)
  A frilled lizard (D:1)
  5 kobolds
  8 rats
43 creatures vanquished.

Notes
Turn   | Place    | Note
-------+----------+-------------------------------------------
     0 | D:1      | Energizer the Demonspawn Chaos Knight began the quest for the Orb.
     0 | D:1      | Reached XP level 1. HP: 18/18 MP: 1/1
    39 | D:1      | Reached skill level 1 in Dodging
    39 | D:1      | Gained mutation: You are partially covered in slimy green scales. (AC +2) [demonic ancestry]
    39 | D:1      | Reached XP level 2. HP: 17/24 MP: 2/2
   389 | D:1      | XOM: divination: detect creatures
   400 | D:1      | Gained mutation: You are mostly covered in slimy green scales. (AC +3) [demonic ancestry]
   400 | D:1      | Reached XP level 3. HP: 21/29 MP: 3/3
   817 | D:2      | Noticed Jessica
   846 | D:2      | Killed Jessica
   846 | D:2      | Gained mutation: You are immune to rotting. [demonic ancestry]
   846 | D:2      | Reached XP level 4. HP: 33/35 MP: 4/4
   858 | D:2      | XOM: smoke on damage
  1278 | D:3      | Noticed ig87's ghost (amateur NaTm)
  1295 | D:3      | XOM: potion effect (agility)
  1307 | D:3      | Slain by ig87's ghost

Skill      XL: |  1  2 |
---------------+-------+-----
Dodging        | 1 |  1.9
Long Blades    | 3 |  3.6
Armour         | 2 |  2.4
Fighting       | |  3.5

Action                   |  1- 3 |  4- 6 || total
-------------------------+-------+-------++-------
Melee: Falchion          |    88 |    43 ||   131
  Eat: Chunk             |       |     1 ||     1
Armor: Leather armour    |    35 |     7 ||    42
Dodge: Dodged            |    42 |    17 ||    59
       Rpst.: Falchion   |    14 |     4 ||    18
